[Event "Live Chess"]
[Site "Chess.com"]
[Date "2023.05.21"]
[Round "-"]
[White "KeithArkell"]
[Black "Pablo_dmp"]
[Result "1-0"]
[WhiteElo "2584"]
[BlackElo "1861"]
[TimeControl "300"]
[EndTime "20:01:31 PDT"]
[Termination "KeithArkell won by resignation"]

1. Nf3 Nf6 2. d4 d5 3. c4 e6 4. cxd5 exd5 5. Nc3 c6 6. Qc2 Be7 7. Bg5 Bg4 8. Ne5 Bh5 9. e3 Nbd7 10. Nxd7 Qxd7 11.
Be2 Bg6 12. Bd3 Bxd3 13. Qxd3 Qg4 14. Bxf6 Bxf6 15. O-O O-O 16. b4 Rfe8 17. b5 Rac8 18. bxc6 Rxc6 19. Nxd5 Qe6 20. Nxf6+ Qxf6 21. Rab1 b6 22. g3 Rec8 23. d5 Rc5 24. d6 Rd8 25. Rfd1 Rc6 26. d7 Rc7 27. Rbc1 Rxc1 28. Rxc1 Qe7 29. Rc8 Kf8 30. Rxd8+ Qxd8 31. Qd6+ Kg8 32. a4 g6 33. h4 f6 34. Qe6+ Kf8 35. e4 Qe7 36. Qd5 Qd8 37. Qd6+ Kf7 38. Kg2 h5 39. f4 Kg7 40. e5 fxe5 41. Qxe5+ Kf7 42. Qd6 Kg7 43.
Kf2 Kf7 44. Kf3 a6 45. Ke4 Qe7+ 46. Kd5 Qd8 47. Kc6 b5 48. axb5 axb5 49. Kxb5 Kg7 50. Qe5+ Kf7 51. Qe8+ Qxe8 52. dxe8=Q+ Kxe8 53. Kc6 Kf7 54. Kd5 Kf6 55. Kd4 Kf5 56. Ke3 Kg4 57. Kf2 Kf5 58. Kf3 Kf6 59. g4 hxg4+ 60. Kxg4 Kg7 61. Kg5 Kf7 62. Kh6 Kf6 63. Kh7 Kf7 64. Kh8 Kf6 65.
Kg8 Kf5 66. Kg7 Kxf4 67. Kxg6 Kg4 68. h5 1-0

[Event "Live Chess"]
[Site "Chess.com"]
[Date "2023.05.21"]
[Round "-"]
[White "LiamBellwood"]
[Black "ramses-IIG"]
[Result "1-0"]
[WhiteElo "2009"]
[BlackElo "870"]
[TimeControl "300"]
[EndTime "20:02:11 PDT"]
[Termination "LiamBellwood won by resignation"]

1. d4 d5 2. Nc3 Nc6 3. Bf4 e6 4. e4 dxe4 5. Nxe4 f6 6. c3 e5 7. dxe5 fxe5 8. Qxd8+ Nxd8 9. Bxe5 Ne7 10. O-O-O Nf5 11.
Bxc7 Nc6 12. Nd6+ Kd7 13. Nxf5+ Kxc7 14. Nd4 Nxd4 15. Rxd4 Bc5 16. Rd2 Rf8 17. Nf3 Bg4 18. Be2 Rae8 19. Rf1 b6 20. Bb5 Re7 21. Nd4 Bd6 22.
Bc4 Bf4 23. f3 Bxd2+ 24. Kxd2 Bh5 25. Ne6+ Rxe6 26. Bxe6 Bf7 27. Bxf7 Rxf7 28. Re1 Kc6 29. Re6+ Kc5 30. Kc2 a5 31. a3 b5 32. b4+ axb4 33.
axb4+ Kc4 34. Rc6+ Kd5 35. Rc5+ Kd6 36. Rxb5 g5 37. Rxg5 h6 38. Rg6+ Ke7 39. Rxh6 Rf6 40. Rxf6 Kxf6 41. b5 1-0

[Event "Live Chess"]
[Site "Chess.com"]
[Date "2023.05.21"]
[Round "-"]
[White "GEMdzq"]
[Black "xx_blindpuffin_xx"]
[Result "1-0"]
[WhiteElo "2287"]
[BlackElo "2181"]
[TimeControl "300"]
[EndTime "20:02:42 PDT"]
[Termination "GEMdzq won - game abandoned"]

1. e4 c6 2. d4 d5 3. e5 Bf5 4.
h4 Bd7 5. Nf3 e6 6. c4 Ne7 7. Nc3 dxc4 8. Bxc4 Nd5 9. Nxd5 exd5 10. Bd3 Bb4+ 11. Bd2 Qb6 12. O-O Bg4 13. Be3 Nd7 14.
Bg5 h6 15. Be3 O-O 16. Rc1 f6 17. Bb1 fxe5 18. dxe5 Nxe5 19. Bxb6 Nxf3+ 20. gxf3 Bxf3 21. Qd3 Be4 22. Qd4 axb6 23. Bxe4 dxe4 24. Qxb4 1-0

[Event "Live Chess"]
[Site "Chess.com"]
[Date "2023.05.21"]
[Round "-"]
[White "raminguy"]
[Black "ViktorTheCoolBoy"]
[Result "0-1"]
[WhiteElo "1954"]
[BlackElo "2499"]
[TimeControl "300"]
[EndTime "20:02:54 PDT"]
[Termination "ViktorTheCoolBoy won by checkmate"]

1. d4 Nf6 2. Nc3 e6 3. e4 d5 4. Bg5 Bb4 5. e5 h6 6. Bd2 Bxc3 7. Bxc3 Ne4 8. Bd3 c5 9. Bxe4 dxe4 10. Ne2 Nc6 11.
O-O cxd4 12. Bxd4 O-O 13. Bc3 Qg5 14. Ng3 Nxe5 15. Nxe4 Qg6 16. Bxe5 Qxe4 17. Bg3 b6 18. f3 Qc6 19. c3 Ba6 20. Re1 Rfd8 21. Qc2 Bd3 22.
Qf2 a5 23. Rad1 b5 24. Rd2 Bc4 25. b3 Bd5 26. Qe3 Rdc8 27. Rc1 a4 28. c4 axb3 29.
axb3 bxc4 30. bxc4 Ra4 31. Rdc2 Rxc4 32. Rxc4 Bxc4 33.
Qd4 Qa6 34. Bf2 Bd5 35. Rxc8+ Qxc8 36. Be1 Qc1 37. Qd2 Qb1 38. Kf2 Kh7 39. Qd4 Qf5 40.
Bc3 f6 41. Bd2 Qc2 42. h3 h5 43. g4 Qg6 44. Be3 h4 45. Bd2 Qc2 46. Ke3 Qd1 47. Qd3+ g6 48. Qd4 Qxf3# 0-1

[Event "Live Chess"]
[Site "Chess.com"]
[Date "2023.05.21"]
[Round "-"]
[White "LutherSullivan"]
[Black "Tushinskiy"]
[Result "1-0"]
[WhiteElo "2200"]
[BlackElo "2184"]
[TimeControl "300"]
[EndTime "20:02:59 PDT"]
[Termination "LutherSullivan won by resignation"]

1. e4 e5 2. Nf3 d6 3. d4 Bg4 4.
c3 Nd7 5. h3 Bh5 6. Be2 Ngf6 7.
Nbd2 Be7 8. Qc2 c6 9. Nf1 Bg6 10. Ng3 d5 11. Nxe5 Nxe5 12. dxe5 Nxe4 13. Nxe4 dxe4 14. Bf4 O-O 15. Rd1 Qa5 16. Qb3 b5 17. O-O Rad8 18. e6 f5 19. Bg5 Qc7 20. Bxe7 Qxe7 21.
a4 a6 22. axb5 axb5 23. Rd4 Rxd4 24. cxd4 Rd8 25. Rc1 h6 26. Rxc6 Rxd4 27. Qxb5 Kh7 28. Qe5 Rd2 29. Rc7 Qf8 30. e7 Qe8 31. Bb5 Rd1+ 32.
Kh2 1-0

[Event "Live Chess"]
[Site "Chess.com"]
[Date "2023.05.21"]
[Round "-"]
[White "smoggyrabbit"]
[Black "tpm07"]
[Result "0-1"]
[WhiteElo "1745"]
[BlackElo "1950"]
[TimeControl "300"]
[EndTime "20:03:15 PDT"]
[Termination "tpm07 won on time"]

1. d4 Nf6 2. Nf3 d5 3. e3 c5 4. b3 g6 5. Be2 Bg7 6. Bb2 O-O 7. O-O b6 8. Nbd2 Bb7 9. c4 cxd4 10. exd4 Nc6 11.
Ne5 dxc4 12. Nxc6 Bxc6 13. bxc4 Rc8 14. Bf3 Bxf3 15. Qxf3 e6 16. Rac1 Nd7 17. Nb3 Qf6 18. Qxf6 Nxf6 19. Rfd1 Rfd8 20. c5 Nd5 21. cxb6 Nxb6 22.
Rxc8 Rxc8 23. h3 Kf8 24. Rc1 Rxc1+ 25. Bxc1 Ke7 26. Kf1 Kd7 27. Ke2 Nd5 28. Bd2 Kc6 29. Kd3 Kb5 30. Nc5 Nb4+ 31. Bxb4 Kxb4 32. Ke4 Kc4 33. Nb7 f5+ 34. Kf4 Kxd4 35. Nd8 e5+ 36. Kg5 Kd5 37. g4 fxg4 38. hxg4 a5 39. Nf7 a4 40. Kh4 a3 41. g5 Kc4 42. Kg4 Kc3 43. Nd6 Kb2 44. Ne8 Bh8 45. Nd6 Kxa2 46. Nc4 Kb3 47.
Nxa3 Kxa3 48. Kf3 Kb4 49. Ke4 Kc5 50. f4 exf4 51. Kxf4 Kd5 52. Kg4 Ke5 53. Kh4 Kf5 54.
Kh3 Kxg5 55. Kg3 h5 56. Kh3 Be5 0-1

[Event "Live Chess"]
[Site "Chess.com"]
[Date "2023.05.21"]
[Round "-"]
[White "chessfiction"]
[Black "OceanFloater"]
[Result "1-0"]
[WhiteElo "2343"]
[BlackElo "1019"]
[TimeControl "300"]
[EndTime "20:03:18 PDT"]
[Termination "chessfiction won by resignation"]

1. e4 c6 2. d4 d5 3. Nc3 e6 4. Nf3 c5 5. exd5 exd5 6. Bb5+ Nc6 7. O-O cxd4 8. Nxd4 Bd7 9. Re1+ Be7 10. Bxc6 bxc6 11. Qe2 c5 12. Ndb5 Bxb5 13. Qxb5+ Kf8 14. Bf4 d4 15.
Rad1 Qb6 16. Qxb6 axb6 17. Nd5 Bd8 18. Bd6+ Be7 19. Nxe7 Nxe7 20. Rxe7 f6 21. Ra7+ Ke8 22. Re1+ 1-0

[Event "Live Chess"]
[Site "Chess.com"]
[Date "2023.05.21"]
[Round "-"]
[White "grillage"]
[Black "Biranidun"]
[Result "0-1"]
[WhiteElo "1808"]
[BlackElo "2507"]
[TimeControl "300"]
[EndTime "20:04:00 PDT"]
[Termination "Biranidun won by resignation"]

1. d4 Nf6 2. Nc3 d5 3. Bf4 g6 4.
e3 Bg7 5. Qd2 O-O 6. h4 h5 7.
Nf3 c5 8. O-O-O Nc6 9. Ne5 Qa5 10. Kb1 Bf5 11. f3 cxd4 12. exd4 Nb4 13. Rc1 Rac8 14.
a3 Nc6 15. Bd3 Nxd4 16. Bxf5 Nxf5 17. g4 Nd6 18. gxh5 Nxh5 19. Nd3 Nc4 20. Qh2 Nxa3+ 21. bxa3 Nxf4 22. Qxf4 Qxc3 0-1

[Event "Live Chess"]
[Site "Chess.com"]
[Date "2023.05.21"]
[Round "-"]
[White "alanmike75"]
[Black "Conradical12"]
[Result "0-1"]
[WhiteElo "1602"]
[BlackElo "1635"]
[TimeControl "300"]
[EndTime "20:04:49 PDT"]
[Termination "Conradical12 won by resignation"]

1. e4 e5 2. Nf3 Nc6 3. Bb5 Nf6 4. d3 Bc5 5. O-O d6 6. c3 a5 7. d4 exd4 8. cxd4 Bb6 9. d5 Bd7 10. dxc6 bxc6 11. Bd3 Ng4 12. h3 h5 13. Bg5 f6 14.
Bf4 Qe7 15. Nc3 O-O-O 16. a3 g5 17. Bh2 Nxh2 18. Nxh2 g4 19. hxg4 hxg4 20. g3 Qh7 0-1

[Event "Live Chess"]
[Site "Chess.com"]
[Date "2023.05.21"]
[Round "-"]
[White "Tushinskiy"]
[Black "GEMdzq"]
[Result "1-0"]
[WhiteElo "2194"]
[BlackElo "2275"]
[TimeControl "300"]
[EndTime "20:06:00 PDT"]
[Termination "Tushinskiy won by resignation"]

1. d4 Nf6 2. c3 e6 3. Nf3 c5 4. Bf4 Nc6 5. e3 Qb6 6. Qc1 Nd5 7. Bg3 cxd4 8. exd4 Be7 9. Nbd2 d6 10. Bd3 f5 11.
O-O f4 12. Nc4 Qc7 13. Bxf4 O-O 14. Bg3 b5 15. Ne3 Nf4 16. Bxf4 Rxf4 17. Nd5 exd5 18. Qxf4 Be6 19. Rae1 Bf7 20. Ng5 Bxg5 21. Qxg5 Rf8 22. Re2 a6 23. Rfe1 Qa5 24. a3 Qb6 25. h4 Nd8 26. h5 Ne6 27. Rxe6 Bxe6 28. Rxe6 Qc7 29. h6 Qf7 30. Qxg7+ Qxg7 31. hxg7 1-0

[Event "Live Chess"]
[Site "Chess.com"]
[Date "2023.05.21"]
[Round "-"]
[White "ClassyChameleon"]
[Black "manthanit"]
[Result "1/2-1/2"]
[WhiteElo "1077"]
[BlackElo "1067"]
[TimeControl "300"]
[EndTime "20:07:02 PDT"]
[Termination "Game drawn - insufficient material"]

1. e4 e6 2. Nf3 d5 3. e5 Ne7 4.
d4 Nf5 5. Be3 Be7 6. Be2 b6 7.
c3 c5 8. dxc5 bxc5 9. Bb5+ Bd7 10.
Qa4 Bxb5 11. Qxb5+ Nd7 12. Nbd2 O-O 13. c4 Nxe3 14.
fxe3 Bg5 15. cxd5 exd5 16. Nxg5 Qxg5 17. O-O-O Qxe5 18. Qxd7 Rab8 19. b3 Qxe3 20. Qxd5 Qc3+ 21. Kb1 Rfd8 22. Qc4 Qxc4 23. Nxc4 Rxd1+ 24. Rxd1 f6 25. Na5 g5 26. Nc6 Rb7 27. Rc1 Rd7 28. Rxc5 Rd1+ 29.
Kc2 Rg1 30. g3 Rg2+ 31. Kd3 Rxh2 32. Nxa7 Rxa2 33. Nc8 Rg2 34. Ne7+ Kf7 35. Nf5 Kg6 36. Ke3 h5 37. Kf3 Rb2 38. Nd4 g4+ 39. Kf4 Rh2 40. b4 Rb2 41. b5 Rb4 42. Rd5 h4 43. Kxg4 hxg3 44. Kxg3 Kf7 45. Nc6 Rb3+ 46. Kf4 Rb1 47. Nd4 Rb4 48. Kf5 Rb1 49. Ne6 Re1 50. Nf4 Rf1 51. b6 Rb1 52. Rd7+ Ke8 53. Rb7 Kd8 54. Kxf6 Kc8 55. Rc7+ Kb8 56. Rc6 Kb7 57. Re6 Rxb6 58. Rxb6+ Kxb6 1/2-1/2

[Event "Live Chess"]
[Site "Chess.com"]
[Date "2023.05.21"]
[Round "-"]
[White "raminguy"]
[Black "ramses-IIG"]
[Result "1-0"]
[WhiteElo "1954"]
[BlackElo "870"]
[TimeControl "300"]
[EndTime "20:07:38 PDT"]
[Termination "raminguy won by checkmate"]

1. d4 d5 2. Nc3 Nc6 3. e4 dxe4 4. d5 Nb4 5. a3 Na6 6. Bb5+ Bd7 7. Bxa6 bxa6 8. Nxe4 e6 9. dxe6 Bxe6 10. Qxd8+ Rxd8 11. Nf3 Be7 12. O-O f6 13. Be3 Ra8 14. Rfe1 Bd8 15. Nc5 Bd5 16. Nd4 Ne7 17. Rad1 O-O 18. Bf4 c6 19.
Nxa6 Ba5 20. b4 Bb6 21. Rxe7 Bxd4 22. Rxd4 Rfd8 23. f3 h6 24. Nc7 Rab8 25. Nxd5 cxd5 26. Bxb8 Rxb8 27. Rxa7 Rb5 28. Ra5 Rxa5 29. bxa5 Kf7 30. Rxd5 Ke6 31. c4 f5 32. a6 g6 33. a7 g5 34. a8=Q g4 35. Qc6+ Ke7 36. Rd7+ Ke8 37. Qc8# 1-0

[Event "Live Chess"]
[Site "Chess.com"]
[Date "2023.05.21"]
[Round "-"]
[White "Olisingapore"]
[Black "garyjc"]
[Result "0-1"]
[WhiteElo "1773"]
[BlackElo "1050"]
[TimeControl "300"]
[EndTime "20:07:48 PDT"]
[Termination "garyjc won by checkmate"]

1. d4 Nf6 2. c4 g6 3. g3 Bg7 4.
Bg2 O-O 5. Nc3 d6 6. Nf3 Nbd7 7. O-O Re8 8. Re1 e5 9. e4 Nb6 10. Qd3 Be6 11. h3 Bxc4 12. Qd2 Qe7 13. b3 Ba6 14. dxe5 dxe5 15. Bb2 Rad8 16. Qc2 Nfd7 17. a3 Nf6 18. Rad1 Nfd7 19. b4 Nc4 20. b5 Nxb2 21. Qxb2 Bxb5 22. Nxb5 Nc5 23. Nc3 Nd3 24. Rxd3 Rxd3 25.
Nd5 Qxa3 26. Qxb7 Rb3 27. Qc6 Rxf3 28. Qxe8+ Bf8 29. Bxf3 Qxf3 30. Ne7+ Kg7 31. Nd5 Bc5 32.
Qxe5+ Kf8 33. Nxc7 Qxf2+ 34. Kh1 Qxe1+ 35. Kg2 Qf2+ 36. Kh1 Qg1# 0-1

[Event "Live Chess"]
[Site "Chess.com"]
[Date "2023.05.21"]
[Round "-"]
[White "BostonStrangler"]
[Black "Long1968"]
[Result "1-0"]
[WhiteElo "2055"]
[BlackElo "1051"]
[TimeControl "300"]
[EndTime "20:08:21 PDT"]
[Termination "BostonStrangler won on time"]

1. Nf3 d5 2. g3 c5 3. Bg2 Nc6 4. O-O Nf6 5. d4 cxd4 6. Nxd4 e5 7. Nxc6 bxc6 8. c4 Be6 9. Nc3 Be7 10. Qa4 Qd7 11. cxd5 cxd5 12. Qxd7+ Kxd7 13. Rd1 e4 14. Nxe4 Rab8 15. b3 Nxe4 16. Bxe4 Bf6 17. Rb1 Kc6 18. Bd3 Rhe8 19. Bf4 Bg4 20. f3 Bd4+ 21. Kg2 Bh5 22.
g4 Bg6 23. Bxb8 Rxb8 24. Bxg6 hxg6 25. Rxd4 Re8 26. Kf2 Rh8 27. Rc1+ 1-0

[Event "Live Chess"]
[Site "Chess.com"]
[Date "2023.05.21"]
[Round "-"]
[White "LiamBellwood"]
[Black "worldchessleaguelive"]
[Result "1-0"]
[WhiteElo "2009"]
[BlackElo "1371"]
[TimeControl "300"]
[EndTime "20:08:39 PDT"]
[Termination "LiamBellwood won by resignation"]

1. d4 Nf6 2. Nc3 d5 3. Bf4 c6 4. e3 e6 5. Nf3 Be7 6. Ne5 Nbd7 7. Bd3 Nxe5 8. Bxe5 Nd7 9. Bg3 c5 10. Qg4 O-O 11. O-O c4 12. Be2 Nf6 13. Qf3 Bd7 14. a4 a6 15. e4 b5 16. exd5 Nxd5 17. Nxd5 exd5 18. Qxd5 bxa4 19. Bxc4 Bb5 20. Qxd8 Rfxd8 21. Bxb5 axb5 22. c3 b4 23. Rfe1 Bf6 24. Be5 Bg5 25. cxb4 Bd2 26. Red1 Bxb4 27. d5 Ra5 28. Bc7 Rdxd5 29.
Bxa5 Rxa5 30. Rd8+ Bf8 31. Rc1 Re5 32. g3 f6 33.
Rcc8 Re1+ 34. Kg2 1-0

[Event "Live Chess"]
[Site "Chess.com"]
[Date "2023.05.21"]
[Round "-"]
[White "Theodoritzky"]
[Black "chessfiction"]
[Result "1/2-1/2"]
[WhiteElo "2461"]
[BlackElo "2346"]
[TimeControl "300"]
[EndTime "20:09:58 PDT"]
[Termination "Game drawn by agreement"]

1. d4 d5 2. c4 e5 3. e3 e4 4.
cxd5 f5 5. Nc3 Nf6 6. a3 Bd6 7. Qb3 O-O 8. Nh3 Kh8 9. Be2 Qe8 10. Bd2 Qg6 11. O-O f4 12. Nxf4 Bxf4 13. exf4 Bh3 14. g3 Bxf1 15. Bxf1 Nbd7 16. Bg2 h5 17. Qxb7 Rab8 18.
Qxc7 Rxb2 19. Be3 h4 20. Qxa7 hxg3 21. hxg3 Ng4 22. Qxd7 Rf5 23. Re1 Qh5 24. d6 Rc2 25.
Nd5 Rxd5 26. Qd8+ Kh7 27. Bxe4+ g6 28. Bxc2 Qh2+ 29. Kf1 Qh1+ 30. Ke2 Qh5 1/2-1/2

[Event "Live Chess"]
[Site "Chess.com"]
[Date "2023.05.21"]
[Round "-"]
[White "Biranidun"]
[Black "smoggyrabbit"]
[Result "1-0"]
[WhiteElo "2507"]
[BlackElo "1745"]
[TimeControl "300"]
[EndTime "20:10:00 PDT"]
[Termination "Biranidun won by checkmate"]

1. e4 e6 2. d4 d5 3. e5 c5 4. c3 Nc6 5. Nf3 Bd7 6. Bd3 Rc8 7. a3 cxd4 8. cxd4 Na5 9. Nc3 Ne7 10. O-O Ng6 11.
g3 Be7 12. h4 Qb6 13. h5 Nf8 14. h6 g6 15. Ne2 Nb3 16. Rb1 Bc6 17. Be3 Nd7 18.
Nh2 O-O 19. Ng4 Na5 20. b3 Bb5 21. a4 Bxd3 22. Qxd3 Rc7 23. Qd2 Rfc8 24. Bg5 Rc2 25. Qf4 Bxg5 26. Qxg5 Rxe2 27. Nf6+ Kh8 28. Nxd7 Qd8 29.
Qf4 Rc7 30. Nf6 Rc3 31. Rfc1 Rec2 32. Rxc2 Rxc2 33. Ng4 Rc3 34. Qxf7 Rxb3 35. Qg7# 1-0

[Event "Live Chess"]
[Site "Chess.com"]
[Date "2023.05.21"]
[Round "-"]
[White "LutherSullivan"]
[Black "ViktorTheCoolBoy"]
[Result "0-1"]
[WhiteElo "2197"]
[BlackElo "2501"]
[TimeControl "300"]
[EndTime "20:10:47 PDT"]
[Termination "ViktorTheCoolBoy won on time"]

1. e4 e5 2. Nf3 Nc6 3. Bc4 Nf6 4. Ng5 d5 5. exd5 Na5 6. Bb5+ Bd7 7. Qe2 Bd6 8. Nc3 O-O 9. Bxd7 Qxd7 10. d3 c6 11. Nge4 Nxd5 12. Nxd6 Nxc3 13. bxc3 Qxd6 14. O-O c5 15. f4 Rae8 16. fxe5 Qxe5 17. Qxe5 Rxe5 18.
Bf4 Re2 19. Rf2 Rfe8 20. Kf1 R2e6 21. Bd2 Nc6 22. Re1 Rxe1+ 23. Bxe1 f6 24. Re2 Rd8 25.
Bf2 b6 26. Re6 Rc8 27. Rd6 Rc7 28. Bg3 Kf7 29. Rxf6+ gxf6 30. Bxc7 Ke6 31. Kf2 c4 32. Ke3 Kd5 33. h3 b5 34. Bg3 b4 35. Be1 a5 36.
cxb4 axb4 37. c3 cxd3 38. cxb4 Kc4 39. a4 Nd4 40. Bd2 Nc2+ 41. Ke4 f5+ 42. Kxf5 Nxb4 43.
Ke4 Na6 44. g4 Nc5+ 45. Ke3 Nxa4 46. g5 Nc5 47. h4 Ne6 48. Ke4 Ng7 49. Ke5 Kb3 50. Kf6 Nh5+ 51. Kf7 Kc2 52. Ba5 Nf4 53. Kg8 Ng2 54. Kxh7 Nxh4 55. g6 Nf5 56. g7 Nxg7 57.
Kxg7 Kb3 58. Be1 Ka4 0-1

[Event "Live Chess"]
[Site "Chess.com"]
[Date "2023.05.21"]
[Round "-"]
[White "RockTroll"]
[Black "grillage"]
[Result "1-0"]
[WhiteElo "2263"]
[BlackElo "1807"]
[TimeControl "300"]
[EndTime "20:11:29 PDT"]
[Termination "RockTroll won by resignation"]

1. Nf3 Nf6 2. g3 b5 3. Bg2 Bb7 4. O-O e6 5. d3 Be7 6. a4 b4 7.
Nbd2 O-O 8. e4 d6 9. Re1 c5 10.
Nc4 d5 11. Ncd2 dxe4 12. dxe4 Nbd7 13. e5 Nd5 14. Nc4 Qc7 15. h4 Ba6 16. Bf1 Bxc4 17.
Bxc4 N7b6 18. Bd3 Rad8 19. Bg5 Bxg5 20. Nxg5 g6 21. Qg4 c4 22. Be4 Ne7 23. h5 Nf5 24. Kg2 Rd4 25. c3 Rd2 26. Rh1 Qc5 27. Qf3 Rxb2 28. Nxh7 Kxh7 29. hxg6+ Kg8 30. Rh8+ Kg7 31.
Rh7+ Kg8 32. Bxf5 fxg6 33. Bxe6+ Kxh7 34. Rh1+ Kg7 35. Qb7+ 1-0

[Event "Live Chess"]
[Site "Chess.com"]
[Date "2023.05.21"]
[Round "-"]
[White "ClassyChameleon"]
[Black "raminguy"]
[Result "0-1"]
[WhiteElo "1077"]
[BlackElo "1954"]
[TimeControl "300"]
[EndTime "20:11:44 PDT"]
[Termination "raminguy won by checkmate"]

1. e4 e5 2. c4 Nc6 3. Nc3 Nf6 4.
f3 Bc5 5. Nge2 O-O 6. Ng3 d6 7. Be2 Nd4 8. d3 a6 9. Be3 Nxf3+ 10. Bxf3 Bxe3 11. Nf5 Bxf5 12. exf5 c6 13. g4 Rc8 14.
Ke2 Bf4 15. Qb3 b5 16. Nd1 Re8 17. Nf2 d5 18. cxb5 axb5 19. Rac1 e4 20. dxe4 Bxc1 21. Rxc1 dxe4 22. Nxe4 Nxe4 23. Bxe4 Rxe4+ 24. Kf3 Rd4 25. Kg2 Rxg4+ 26. Kh3 Qh4# 0-1

[Event "Live Chess"]
[Site "Chess.com"]
[Date "2023.05.21"]
[Round "-"]
[White "tpm07"]
[Black "Conradical12"]
[Result "1-0"]
[WhiteElo "1952"]
[BlackElo "1633"]
[TimeControl "300"]
[EndTime "20:13:01 PDT"]
[Termination "tpm07 won by resignation"]

1. e4 e5 2. Nf3 Nc6 3. Bb5 Nf6 4.
d3 Bc5 5. Bxc6 dxc6 6. Nbd2 Bg4 7. h3 Bh5 8. Nf1 O-O 9. Ng3 Bg6 10. O-O Nh5 11.
Nf5 Bxf5 12. exf5 Qf6 13. g4 Ng3 14. Re1 Rae8 15. Kg2 g6 16. Bg5 Qd6 17. fxg3 f6 18. Bh6 Rf7 19. fxg6 hxg6 20. Be3 Bxe3 21. Rxe3 f5 22.
Ng5 Qd5+ 23. Kh2 f4 24. Re4 fxg3+ 25. Kxg3 Rf4 26. Qe2 Kg7 27. Rf1 Rxf1 28. Qxf1 Kh6 29. Qf7 Kxg5 30. Qxe8 Qc5 31. Rxe5+ 1-0

[Event "Live Chess"]
[Site "Chess.com"]
[Date "2023.05.21"]
[Round "-"]
[White "Ian-Morley"]
[Black "LutherSullivan"]
[Result "0-1"]
[WhiteElo "952"]
[BlackElo "2197"]
[TimeControl "300"]
[EndTime "20:13:37 PDT"]
[Termination "LutherSullivan won by resignation"]

1. e4 e6 2. Nf3 d5 3. exd5 exd5 4.
Qe2+ Qe7 5. Qxe7+ Bxe7 6. Nc3 c6 7. d4 Nf6 8. Bf4 O-O 9. Bd3 Re8 10.
O-O-O Bg4 11. h3 Bxf3 12. gxf3 Nbd7 13. Rhe1 Nf8 14. Bg5 Ne6 15. Bxf6 Bxf6 16. Ne2 Nxd4 17. Nxd4 Bxd4 18. Rxe8+ Rxe8 19. c3 Bxf2 20. Rd2 Be3 21. Kc2 Bxd2 22. Kxd2 Re5 23. f4 Rh5 24. Bf1 f6 25.
Ke3 g5 26. Kf3 Rh4 27. fxg5 fxg5 28. Kg3 Kg7 0-1

[Event "Live Chess"]
[Site "Chess.com"]
[Date "2023.05.21"]
[Round "-"]
[White "Conradical12"]
[Black "ClassyChameleon"]
[Result "1-0"]
[WhiteElo "1634"]
[BlackElo "1076"]
[TimeControl "300"]
[EndTime "20:14:40 PDT"]
[Termination "Conradical12 won by checkmate"]

1. e4 e5 2. Nf3 Nc6 3. Bc4 Nf6 4. d3 h6 5. c3 d5 6. exd5 Nxd5 7. O-O Nf4 8. Bxf4 exf4 9. Re1+ Be7 10. d4 O-O 11.
Qe2 a6 12. d5 Nd4 13. Nxd4 Bd6 14. Bd3 b5 15. Qe4 Bb7 16. Qh7# 1-0

[Event "Live Chess"]
[Site "Chess.com"]
[Date "2023.05.21"]
[Round "-"]
[White "Long1968"]
[Black "LiamBellwood"]
[Result "0-1"]
[WhiteElo "1051"]
[BlackElo "2009"]
[TimeControl "300"]
[EndTime "20:14:46 PDT"]
[Termination "LiamBellwood won by resignation"]

1. e4 e6 2. d4 d5 3. Nc3 Nf6 4.
exd5 exd5 5. Nge2 Bd6 6. Bf4 O-O 7. Qd2 c6 8. Bxd6 Qxd6 9. Qf4 Qxf4 10. Nxf4 Re8+ 11. Be2 Bf5 12. Kd2 Na6 13. a3 Nc7 14. Rhe1 Ne6 15. Nxe6 Rxe6 16. Bd3 Bxd3 17. Rxe6 fxe6 18.
Kxd3 Re8 19. f3 e5 20. Re1 Nd7 21. dxe5 Nxe5+ 22. Ke3 Nxf3+ 23. Kxf3 Rxe1 24. h3 Rc1 25. Nd1 Rxd1 0-1

[Event "Live Chess"]
[Site "Chess.com"]
[Date "2023.05.21"]
[Round "-"]
[White "Pablo_dmp"]
[Black "manthanit"]
[Result "1-0"]
[WhiteElo "1861"]
[BlackElo "1067"]
[TimeControl "300"]
[EndTime "20:15:21 PDT"]
[Termination "Pablo_dmp won by resignation"]

1. e4 e6 2. Nf3 d5 3. Nc3 dxe4 4. Nxe4 Nf6 5. Bd3 Nxe4 6. Bxe4 c6 7. d4 Na6 8. Bf4 Bd6 9. Qd2 Bxf4 10. Qxf4 Qf6 11. Qe3 O-O 12. O-O Nc7 13. c3 Nd5 14. Qd2 Bd7 15.
Bc2 Rae8 16. Ne5 Re7 17. Qd3 Qh6 18. Ng4 Qg6 19. Qe2 Qg5 20. Qe4 f5 21. f4 Qh4 22. g3 Qxg4 23. Qd3 g5 24. Bd1 Qh3 25. c4 Nc7 26. fxg5 Rg7 27. Qe3 c5 28. dxc5 Bc6 29.
Bf3 Bxf3 30. Rxf3 Rxg5 31. Qxg5+ Kh8 32. Qe7 Rg8 33. Qxc7 Qg4 34. Raf1 h5 35. Qe5+ Rg7 36. Qxe6 h4 37. Qxf5 hxg3 38. Qxg4 Rxg4 39. h3 Rg6 40. Kg2 Kh7 41. Rxg3 Kh6 42. Rxg6+ 1-0

[Event "Live Chess"]
[Site "Chess.com"]
[Date "2023.05.21"]
[Round "-"]
[White "Tushinskiy"]
[Black "KeithArkell"]
[Result "1-0"]
[WhiteElo "2208"]
[BlackElo "2570"]
[TimeControl "300"]
[EndTime "20:15:35 PDT"]
[Termination "Tushinskiy won by resignation"]

1. d4 e6 2. c3 c5 3. Nf3 Nf6 4.
Bf4 b6 5. e3 Be7 6. Nbd2 O-O 7.
Bd3 Ba6 8. Bxa6 Nxa6 9. Qe2 Nc7 10. O-O d5 11. Rad1 Qd7 12. Ne5 Qe8 13. Nxf7 Qxf7 14.
Bxc7 Ne4 15. Nxe4 dxe4 16. dxc5 Bxc5 17. Bg3 Rad8 18. Qc4 Qf5 19. b4 Be7 20. Qc7 Bf6 21.
Rxd8 Rxd8 22. Qxa7 b5 23. Qc7 Qd5 24. h3 Qxa2 25.
Be5 Qd5 26. Bxf6 gxf6 27. Ra1 Qd7 28. Qg3+ Kf7 29. Qh4 Kg6 30. Qg4+ Kf7 31. Qxe4 f5 32. Qh4 Kg6 33. Qg3+ Kf6 34. Qh4+ Kg6 35. e4 Rc8 36. exf5+ exf5 37. Qg3+ Kf6 38. Qe3 Qc6 39. Qh6+ Ke5 40. Re1+ Kd5 41. Qxh7 Kc4 42. Qxf5 Rd8 43. Qf7+ Qd5 44.
Qf4+ Kb3 45. Rb1+ Kc2 46. Qc1+ Kd3 47. Qf1+ Kxc3 48. Qc1+ Kd3 49. Qe3+ Kc2 50. Rc1+ 1-0

[Event "Live Chess"]
[Site "Chess.com"]
[Date "2023.05.21"]
[Round "-"]
[White "Biranidun"]
[Black "chessfiction"]
[Result "1-0"]
[WhiteElo "2515"]
[BlackElo "2341"]
[TimeControl "300"]
[EndTime "20:16:17 PDT"]
[Termination "Biranidun won by resignation"]

1. e4 d6 2. d4 Nf6 3. Nc3 c6 4. f4 Qa5 5. Bd3 e5 6. Nf3 Bg4 7. Be3 Nbd7 8. O-O Be7 9. h3 Bh5 10. g4 exf4 11. Bxf4 Bg6 12. Kg2 O-O 13. Qe1 Rfe8 14.
Qg3 Nf8 15. Rae1 Rad8 16. h4 h5 17. g5 Ng4 18. a3 Ne6 19. Bd2 Qb6 20. Ne2 Qxb2 21.
Rb1 Qxa3 22. Rxb7 d5 23. Rb3 Qxb3 24. cxb3 dxe4 25. Bc4 exf3+ 26. Qxf3 Bxg5 27. hxg5 Nxg5 28. Bxg5 Be4 29. Bxf7+ Kh8 30. Bxd8 Bxf3+ 31. Rxf3 Rxe2+ 32. Kg3 Ne3 33. Bxh5 Rg2+ 34. Kh3 Re2 35. Rf8+ Kh7 36. Bxe2 1-0

[Event "Live Chess"]
[Site "Chess.com"]
[Date "2023.05.21"]
[Round "-"]
[White "LutherSullivan"]
[Black "tpm07"]
[Result "1-0"]
[WhiteElo "2201"]
[BlackElo "1949"]
[TimeControl "300"]
[EndTime "20:16:40 PDT"]
[Termination "LutherSullivan won by resignation"]

1. d4 Nf6 2. Nf3 d5 3. c4 e6 4.
Nc3 Bb4 5. cxd5 exd5 6. Bg5 h6 7. Bxf6 Qxf6 8. e3 O-O 9. Be2 c6 10. O-O Nd7 11. Rc1 Re8 12. a3 Bd6 13. b4 b5 14.
a4 Bxb4 15. axb5 Bxc3 16. Rxc3 cxb5 17. Bxb5 Re6 18. Rxc8+ Rxc8 19. Bxd7 Rec6 20. Bxc8 1-0